Map: Romanticide LE

Players

Dark - Winner!

  • Race: Zerg Zerg
  • Spawn Location: 11:00

Serral

  • Race: Zerg Zerg
  • Spawn Location: 5:00

Event: TSL 6

VOD

Have the link to the VOD?

Description

Time

  • Played on: Dec. 20, 2020, 5:39 p.m.
  • Length: 8:05

All games in this series

Show
View Real Time Build Order
Export as new Build Order

Dark Zerg - Winner!

Build Orders: Hatch First 

Get SALT Encoding   

  12  0:00  Drone  
  13  0:12  Overlord  
  13  0:17  Drone  
  14  0:30  Drone x2  
  16  0:49  Hatchery  
  15  0:52  Drone  
  15  0:56  Drone  
  17  0:59  Drone  
  18  1:10  Extractor  
  17  1:14  Spawning Pool  
  17  1:17  Drone  
  17  1:20  Drone  
  18  1:28  Drone  
  19  1:39  Drone  
  20  1:50  Drone  
  21  2:01  Queen x2  
  21  2:02  Drone x2  
  27  2:12  Overlord  
  27  2:15  Drone, Metabolic Boost  
  28  2:31  Drone x2  
  28  2:33  Zergling x2  
  28  2:34  Zergling x2  
  32  2:38  Hatchery  
  31  2:44  Queen  
  33  2:55  Overlord  
  33  2:56  Baneling Nest  
  33  2:58  Drone  
  33  3:00  Drone  
  34  3:10  Drone x2  
  36  3:15  Zergling x2  
  36  3:16  Drone x3  
  36  3:18  Overlord  
  40  3:22  Drone  
  40  3:25  Zergling x2  
  40  3:26  Zergling x2  
  43  3:29  Drone  
  43  3:34  Overlord  
  44  3:37  Drone  
  44  3:41  Lair  
  45  3:43  Drone  
  45  3:45  Drone  
  47  3:52  Drone  
  47  3:55  Extractor, Drone x3  
  50  3:58  Drone x2  
  50  4:02  Drone x3  
  55  4:03  Drone  
  56  4:10  Evolution Chamber  
  56  4:14  Roach Warren, Drone x2  
  56  4:19  Drone x2  
  56  4:24  Extractor x2  
  57  4:25  Drone x3  
  57  4:26  Drone  
  57  4:28  Baneling x2  
  57  4:29  Drone x2  
  62  4:34  Overlord  
  62  4:36  Zerg Missile Weapons Level 1  
  62  4:37  Drone  
  63  4:40  Overseer  
  62  4:47  Overlord  
  62  4:50  Overlord  
  62  4:53  Glial Reconstitution  
  62  4:54  Roach x3  
  62  4:56  Roach  
  62  4:59  Roach  
  71  5:00  Roach  
  71  5:03  Overlord  
  73  5:10  Roach  
  73  5:12  Spine Crawler x2  
  73  5:14  Baneling x3  
  73  5:15  Baneling x2  
  73  5:17  Roach  
  73  5:19  Roach  
  77  5:21  Roach  
  77  5:23  Roach  
  77  5:24  Zergling x4  
  77  5:26  Roach  
  77  5:27  Baneling  
  85  5:31  Roach  
  85  5:33  Roach  
  85  5:35  Roach  
  91  5:36  Roach  
  91  5:40  Roach  
  91  5:42  Roach  
  97  5:44  Baneling  
  94  5:50  Roach  
  94  5:52  Roach  
  94  5:53  Roach  
  95  5:57  Drone x3  
  95  6:00  Roach  
  95  6:02  Overseer  
  97  6:05  Overlord  
  97  6:06  Overlord  
  97  6:10  Overlord  
  97  6:12  Overlord, Overseer  
  97  6:13  Overlord  
  97  6:17  Spire  
  96  6:20  Overlord  
  96  6:21  Overlord  
  96  6:25  Drone x4  
  100  6:27  Extractor x2  
  100  6:32  Drone  
  99  6:35  Drone  
  99  6:36  Drone  
  99  6:38  Drone x2  
  99  6:39  Drone  
  104  6:41  Drone  
  104  6:45  Drone  
  106  6:48  Drone  
  106  6:52  Drone  
  111  7:03  Roach x3  
  111  7:05  Hatchery  
  111  7:06  Spine Crawler x2  
  111  7:10  Roach x2  
  115  7:21  Roach x6  
  127  7:24  Roach  
  127  7:27  Roach x5  
  123  7:38  Roach  
  123  7:39  Roach  
  123  7:43  Roach x3  
  111  7:45  Roach x2  
Show
View Real Time Build Order
Export as new Build Order

Serral Zerg 

Build Orders: Hatch First 

Get SALT Encoding   

  12  0:00  Drone  
  13  0:12  Overlord  
  13  0:16  Drone  
  14  0:30  Drone x2  
  16  0:47  Hatchery  
  15  0:50  Drone  
  15  0:54  Drone  
  17  0:57  Drone  
  18  1:07  Extractor  
  17  1:12  Spawning Pool  
  17  1:15  Drone  
  17  1:18  Drone  
  18  1:27  Drone  
  19  1:38  Drone  
  20  1:49  Drone  
  21  1:59  Overlord, Queen x2  
  21  2:00  Zergling x2  
  26  2:08  Metabolic Boost  
  26  2:10  Drone  
  26  2:11  Drone  
  28  2:20  Drone  
  28  2:21  Drone  
  30  2:32  Hatchery  
  30  2:35  Drone  
  30  2:37  Drone  
  30  2:44  Queen  
  33  2:53  Baneling Nest  
  33  2:54  Overlord  
  33  2:56  Drone  
  33  2:58  Drone  
  33  3:02  Zergling x2  
  35  3:07  Overlord  
  35  3:13  Zergling x2  
  36  3:26  Overlord  
  36  3:28  Zergling x4  
  36  3:29  Drone x4  
  42  3:36  Evolution Chamber  
  42  3:38  Baneling  
  42  3:40  Drone x3  
  43  3:46  Drone x3  
  46  3:52  Overlord  
  46  3:53  Drone x3  
  49  3:56  Drone  
  49  4:02  Zerg Ground Armor Level 1  
  50  4:07  Roach Warren, Drone  
  50  4:09  Drone  
  51  4:12  Drone  
  51  4:13  Extractor x2  
  51  4:16  Zergling x2  
  51  4:18  Overlord  
  51  4:19  Drone  
  51  4:23  Overlord  
  52  4:26  Overlord  
  52  4:38  Overlord  
  52  4:47  Roach x6  
  52  4:48  Roach x2  
  52  4:51  Roach  
  70  4:56  Roach  
  70  4:59  Roach  
  72  5:02  Roach  
  72  5:06  Overlord  
  74  5:10  Zergling x10  
  79  5:15  Zergling x6  
  82  5:28  Baneling x8  
  81  5:29  Zergling x8  
  85  5:36  Zergling x8  
  85  5:37  Ravager  
  82  5:52  Zergling x18  
  75  6:12  Drone x2  
  75  6:16  Drone  
  75  6:17  Roach x6  
  89  6:27  Drone  
  89  6:29  Roach x5  
  100  6:33  Overlord  
  100  6:38  Roach x2  
  104  6:41  Overlord  
  104  6:42  Ravager  
  105  6:49  Overlord  
  105  6:54  Ravager x2  
  107  6:59  Zergling x18  
  107  7:00  Zergling x2  
  117  7:07  Baneling x8  
  117  7:09  Overlord  
  117  7:13  Zergling x6  
  120  7:17  Ravager  
  118  7:23  Zergling x10  
  118  7:26  Baneling x3  
  121  7:35  Zergling x14  
  121  7:42  Zergling x2  
  121  7:43  Zergling x8  
Tags
 
Add a new tag
Caveats
  • Supply blocks, unpowered buildings, or Contaminate may cause inaccurate times.
  • Supply counts are checked every 10 seconds.